 Dungeon Crawl Stone Soup version 0.29.0-4-gdea44cf6ec (webtiles) character file.

Game seed: 11850441416784442944

13 qw the Sneak (level 2, 0/23 HPs)
             Began as a Ghoul Enchanter on Sept 8, 2022.
             Slain by an adder (1 damage)
             ... on level 2 of the Dungeon.
             The game lasted 00:00:20 (929 turns).

qw the Sneak (Ghoul Enchanter)                       Turns: 929, Time: 00:00:21

Health: 0/23       AC:  3    Str: 10 (11) XL:     2   Next: 37%
Magic:  3/3        EV:  9    Int:  9 (10) God:
Gold:   44         SH:  5    Dex:  7 (9)  Spells: 4/4 levels left

rFire   . . .      SeeInvis .   Y - +0 flail
rCold   + . .      Faith    .   j - +0 kite shield
rNeg    + + +      Spirit   .   g - +0 leather armour
rPois   inf        Reflect  .   (no helmet)
rElec   .          Harm     .   (no cloak)
rCorr   .          Rampage  .   (no gloves)
Will    .....                   (no boots)
Stlth   ++........              (no amulet)
HPRegen 0.00/turn               (no ring)
MPRegen 0.08/turn               (no ring)

@: inhibited regen
A: claws 1, cold resistance 1, negative energy resistance 3, inhibited
regeneration, torment resistance 2, devour on kill
a: no special abilities


You were on level 2 of the Dungeon.
You visited 1 branch of the dungeon, and saw 2 of its levels.

You collected 44 gold pieces.


Innate Abilities, Weirdness & Mutations

You are immune to poison.
You have sharp fingernails.
Your flesh is cold resistant. (rC+)
You are immune to negative energy. (rN+++)
You do not regenerate when monsters are visible.
You are immune to unholy pain and torment.
You thrive by killing the living.


   Skills:
 - Level 1.0 Fighting
 - Level 0.8 Short Blades
 - Level 1.3 Axes
 - Level 1.7 Dodging
 - Level 3.2 Stealth
 + Level 0.0 Shields
 - Level 1.7 Spellcasting
 - Level 2.4 Hexes


You had 4 spell levels left.
You didn't know any spells.
Your spell library contained the following spells:

 Spells                   Type           Power      Damage    Failure   Level
 Ensorcelled Hibernation  Hex/Ice        4%         N/A       85%         2
 Confusing Touch          Hex            5%         N/A       88%         3
 Tukima's Dance           Hex            5%         N/A       88%         3
 Dazzling Flash           Conj/Hex       4%         N/A       97%         3

Inventory:

Hand Weapons
 Y - a +0 flail (weapon)
Armour
 g - a +0 leather armour (worn)
 j - a +0 kite shield (worn)
Scrolls
 d - 2 scrolls of noise
Potions
 a - 2 potions of degeneration
 c - 2 potions of invisibility
 h - a potion of curing {unknown}

Dungeon Overview and Level Annotations

Branches:
Dungeon (2/15)

Altars:

Shops:
D:2 :


Message History

The adder closely misses your butterfly.
The frilled lizard closely misses your butterfly.
The adder barely misses your butterfly.
The frilled lizard bites your butterfly.
Your butterfly dies!
Your butterfly disappears in a burst of colours!
You miss the frilled lizard. The frilled lizard bites you. x2
You hit the frilled lizard.
You kill the frilled lizard!
You feel better. The adder bites you.
A bat comes into view.
The adder bites you.
You miss the adder. The adder bites you.
The adder bites you but does no damage.
You barely miss the adder. The adder bites you.
The bat barely misses something.
The adder bites you.
You sock the adder!
The adder is severely wounded.
Something barely misses your butterfly. The adder bites you. x2
You barely miss the adder.
The adder is severely wounded.
Your butterfly disappears in a burst of colours!
The bat hits you. The adder bites you but does no damage.
The bat completely misses your butterfly.
You block the adder's attack.
You closely miss the adder.
The adder is severely wounded.
Your butterfly disappears in a burst of colours!
The bat closely misses you. The adder bites you. The adder barely misses you.
You closely miss the adder.
The adder is severely wounded.
Your butterfly disappears in a burst of colours!
The bat hits you but does no damage. The bat hits you. The adder bites you.
The bat hits your butterfly.
Your butterfly dies!
Your butterfly disappears in a burst of colours!
The adder bites you.
You die...

#.......# #.. #..##.#.#
#.# #..##.#.# #.#
#..##.#.########.#
#.....#..........#
#.b#.......####### #
#.................
.####.#.##........##....
....b.S@..#.......##....
.###..#.#.#.##....##....
#....b.b.........######
#.#..#.#.........#####
.. ...#b###.#.#...#...#
. ... ... .# . #.#.#
.... ... # #.#.# ##. <..
..#.#.## # #.#...>.


You could see an adder and a bat.

Vanquished Creatures
  A worm (D:2)
  3 ball pythons
  2 endoplasms (D:1)
  A giant cockroach (D:2)
  A quokka (D:2)
  A frilled lizard (D:2)
9 creatures vanquished.

Notes
Turn   | Place    | Note
-------+----------+-------------------------------------------
     0 | D:1      | qw the Ghoul Enchanter began the quest for the Orb.
     0 | D:1      | Reached XP level 1. HP: 14/14 MP: 2/2
     0 | D:1      | 0 ||| qw: Version: 0.1-a-112-g44dc6cd
     0 | D:1      | 0 ||| qw: Game counter: 6850
     0 | D:1      | 0 ||| qw: Always use a shield: true
     0 | D:1      | 0 ||| qw: God list: Okawaru
     0 | D:1      | 0 ||| qw: Allow faded altars: false
     0 | D:1      | 0 ||| qw: Do Orc after D:15 true
     0 | D:1      | 0 ||| qw: Do second Lair branch before Depths: true
     0 | D:1      | 0 ||| qw: Lair rune preference: random
     0 | D:1      | 0 ||| qw: Plans: Normal
     0 | D:1      | 0 ||| PLANNING D:1-11
   151 | D:1      | 151 ||| SWAPPING to +0 flail.
   152 | D:1      | 152 ||| DROPPING +1 dagger.
   216 | D:1      | Reached skill level 1 in Axes
   538 | D:1      | You fall into a shaft and drop 1 floor!
   566 | D:2      | Reached XP level 2. HP: 22/22 MP: 3/3
   586 | D:2      | Reached skill level 1 in Fighting
   852 | D:2      | Found Ypoo's Book Shop.
   894 | D:2      | 894 ||| UPGRADING to +0 leather armour.
   904 | D:2      | 904 ||| DROPPING +0 robe.
   905 | D:2      | 905 ||| UPGRADING to +0 kite shield.
   910 | D:2      | 910 ||| READING 3 scrolls labelled GUHATI WANEA.
   911 | D:2      | 911 ||| READING scroll labelled XEUROLY POQIOLE.
   912 | D:2      | 912 ||| READING scroll labelled ACLIAV FESAASH.
   913 | D:2      | 913 ||| DRINKING 3 fuming clear potions.
   927 | D:2      | HP: 5/23 [bat (1)]
   929 | D:2      | HP: 2/23 [bat (1)]
   929 | D:2      | Slain by an adder

Levels and vault maps discovered:
D:1:      lemuel_arrival_funnel, layout_basic, serial_co_window_serial,
          co_window_paths_b, co_window_paths_b, co_window_paths_a,
          co_window_paths_b, co_window_paths_a, co_window_of_opportunity_c,
          co_window_unsneaky_path_e, co_window_corner_ca, co_window_paths_d,
          co_window_4corner_b, glass_columns_c, ebering_ecumenical_altar_box,
          minivault_11
D:2:      layout_basic, serial_shops, nicolae_shop_crystal

Skill      XL: |  1  2 |
---------------+-------+-----
Axes           | 1 |  1.3
Fighting       | 1 |  1.0
Short Blades   | |  0.8
Dodging        | |  1.7
Stealth        | |  3.2
Spellcasting   | |  1.7
Hexes          | |  2.4

Action                   || total
-------------------------++-------
Melee: Flail             ||    28
       Dagger            ||     7
       Punch             ||     1
  Use: Scroll            ||     3
       Potion            ||     1
Armor: Robe              ||     3
       Leather armour    ||     3
Dodge: Dodged            ||    21
Block: Kite shield       ||     1

Table legend:
 A = Non-vault XP
 B = Vault XP
 C = Vault XP percentage of total XP
 D = Non-vault monster count
 E = Vault monster count
 F = Vault count percentage of total count
                 A         B        C        D         E       F
            +---------+---------+-------+---------+---------+-------
      Total |      19 |       0 |   0.0 |       9 |       0 |   0.0
            +---------+---------+-------+---------+---------+-------
        D:1 |       8 |       0 |   0.0 |       4 |       0 |   0.0
        D:2 |      11 |       0 |   0.0 |       5 |       0 |   0.0
            +---------+---------+-------+---------+---------+-------
